 Dungeon Crawl Stone Soup version 0.32-a0-768-g0f6f1dd4b9 (webtiles) character file.

Game seed: 15758672909716104614

187973 hikkokomori the Fetichist (level 18, -3/146 HPs)
             Began as a Coglin Hunter on Mar 18, 2024.
             Was the Champion of Okawaru.
             Constricted to death by a naga sharpshooter (8 damage)
             ... on level 1 of the Snake Pit.
             The game lasted 01:19:03 (28193 turns).

hikkokomori the Fetichist (Coglin Hunter)          Turns: 28193, Time: 01:19:03

Health: -3/146     AC: 14    Str: 12 (14) XL:     18   Next: 53%
Magic:  27/27      EV: 11    Int:  8      God:    Okawaru [******]
Gold:   3414       SH:  0    Dex: 24      Spells: 16/29 levels left

rFire   . . .        a - +6 sling (flame) {Fusazane}
rCold   . . .        k - +5 hand cannon (elec) {Aida}
rNeg    . . .        S - +1 robe of Vines {NoPotionHeal Regen++++}
rPois   +            W - +1 hat "Gifyog" {+Inv Fly rPois}
rElec   +            o - +2 cloak of Skepticism {Will++ Stlth+}
rCorr   +            C - +0 pair of gloves
SInv    .            q - +1 pair of boots
Will    +++..        (amulet unavailable)
Stlth   +++++        (ring unavailable)
HPRegen 3.64/turn    (ring unavailable)
MPRegen 0.20/turn    m - geosubsystem NW-00 {RevParry, rElec rPois rCorr}

%: no passive effects
@: lethally poisoned (-3 -> -3), flying, constricted, studying Maces & Flails,
unable to read, revving
A: off-hand wielding, slow wielding, warmup strikes, no jewellery, deterioration
1, inability to read after injury 1
a: Renounce Religion, Evoke Invisibility, Heroism, Finesse, Duel


You were on level 1 of the Snake Pit.
You worshipped Okawaru.
Okawaru was exalted by your worship.
You visited 6 branches of the dungeon, and saw 26 of its levels.
You also visited: Sewer, Bailey, Gauntlet and Volcano.

You collected 3575 gold pieces.
You spent 161 gold pieces at shops.

Inventory:

Hand Weapons
 a - a +6 sling of flaming (weapon) {Fusazane}
 d - a +0 sling of flaming {Feng}
 k - a +5 hand cannon of electrocution (offhand) {Aida}
Missiles
 X - 11 silver javelins
Armour
 e - a +2 robe of resistance
 o - the +2 cloak of Skepticism (worn) {Will++ Stlth+}
   (Okawaru gifted it to you on level 1 of the Elven Halls)

   Will++:    It greatly increases your willpower.
   Stlth+:    It makes you more stealthy.
 q - a +1 pair of boots (worn)
 C - a +0 pair of gloves (worn)
 N - the +1 robe of the Lich-sworn {rPois Archmagi}
   (You found it on level 10 of the Dungeon)

   rPois:     It protects you from poison.
   Archmagi:  It increases the power of your magical spells.
 S - the +1 robe of Vines (worn) {NoPotionHeal Regen++++}
   (You found it on level 2 of the Lair of Beasts)

   NoPotionHeal: Its wearer cannot be healed by potions.
   Regen++++: It increases your rate of health regeneration.
 W - the +1 hat "Gifyog" (worn) {+Inv Fly rPois}
   (You found it in a Gauntlet)

   rPois:     It protects you from poison.
   +Inv:      It lets you turn invisible.
   Fly:       It grants you flight.
Gizmo
 m - a geosubsystem NW-00 (installed) {RevParry, rElec rPois rCorr}
   (You invented it yourself on level 8 of the Dungeon)

   [geosubsystem NW-00]

   RevParry:  Your AC increases as you Rev (up to +5) and while fully Revved,
   your attacks may disarm enemies.
   rElec:     It insulates you from electricity.
   rPois:     It protects you from poison.
   rCorr:     It protects you from acid and corrosion.
Wands
 i - a wand of polymorph (4)
 r - a wand of acid (3)
 y - a wand of charming (30)
 H - a wand of mindburst (10)
 M - a wand of digging (7)
 Q - a wand of flame (45)
 T - a wand of warping (2)
Scrolls
 b - a scroll of butterflies
 j - 3 scrolls of fear
 p - 2 scrolls of summoning
 s - a scroll of blinking
 w - 3 scrolls of identify
 A - 5 scrolls of noise
 B - 5 scrolls of teleportation
 E - 4 scrolls of vulnerability
 F - 3 scrolls of fog
 I - 2 scrolls of enchant armour
 J - 5 scrolls of revelation
 O - a scroll of amnesia
 P - 2 scrolls of silence
 R - a scroll of poison
 V - a scroll of brand weapon
 Y - 2 scrolls of immolation
Potions
 c - 2 potions of lignification
 f - 5 potions of brilliance
 g - 3 potions of mutation
 h - 3 potions of might
 l - 6 potions of degeneration
 n - 3 potions of curing
 t - 6 potions of attraction
 u - 2 potions of ambrosia
 v - 4 potions of magic
 x - 3 potions of heal wounds
 z - 2 potions of cancellation
 D - 4 potions of haste
 G - 2 potions of resistance
 K - a potion of invisibility
 L - 2 potions of berserk rage
 U - 4 potions of enlightenment


   Skills:
 - Level 14.2 Fighting
 + Level 13.5 Ranged Weapons
 + Level 4.3 Armour
 + Level 11.7 Dodging
 + Level 6.5 Stealth
 - Level 6.2 Spellcasting
 - Level 3.0 Conjurations
 + Level 4.8 Hexes
 + Level 6.3 Translocations
 - Level 3.0 Air Magic
 - Level 11.2 Alchemy
 - Level 7.0 Invocations
 - Level 15.6 Evocations


You had 16 spell levels left.
You knew the following spells:

 Your Spells              Type           Power      Damage    Failure   Level
a - Mephitic Cloud        Conj/Alch/Air  11%        N/A       6%          3
b - Blink                 Tloc           24%        N/A       2%          2
c - Olgreb's Toxic Radia  Alch           20%        N/A       2%          4
d - Dimensional Bullseye  Hex/Tloc       5%         N/A       24%         4

Your spell library contained the following spells:

 Spells                   Type           Power      Damage    Failure   Level
 Sting                    Conj/Alch      52%        1d6       1%          1
 Mercury Vapours          Alch/Air       26%        N/A       1%          2
 Lesser Beckoning         Tloc           24%        N/A       2%          2
 Cigotuvi's Dreadful Rot  Necr/Alch/Air  20%        N/A       4%          2
 Momentum Strike          Conj/Tloc      18%        3d8       5%          2
 Gell's Gravitas          Tloc           12%        N/A       5%          3
 Teleport Other           Tloc           12%        N/A       5%          3
 Magic Dart               Conj           28%        1d4       7%          1
 Searing Ray              Conj           14%        2d5       10%         2
 Fulminant Prism          Conj/Alch      6%         3d6       12%         4
 Dazzling Flash           Conj/Hex       16%        N/A       14%         3
 Manifold Assault         Tloc           12%        N/A       17%         4
 Necrotise                Necr           8%         1d4       24%         1
 Yara's Violent Unravell  Hex/Alch       7%         3d5       24%         5
 Scorch                   Fire           4%         2d5       34%         2
 Iskenderun's Mystic Bla  Conj/Tloc      9%         2d4       34%         4
 Vhi's Electric Charge    Tloc/Air       18%        N/A       34%         4
 Hailstorm                Conj/Ice       4%         3d5       36%         3
 Vampiric Draining        Necr           2%         2d6       56%         3
 Flame Wave               Conj/Fire      4%         2d5       77%         4
 Silence                  Hex/Air        4%         N/A       77%         5
 Arcjolt                  Conj/Air       3%         1d13      88%         5
 Dispel Undead            Necr           2%         3d7       93%         4
 Freezing Cloud           Conj/Ice/Air   2%         6-21      95%         5
 Dispersal                Tloc           6%         N/A       95%         6
 Borgnjor's Vile Clutch   Necr/Erth      1%         N/A       100%        5
 Curse of Agony           Necr           2%         N/A       100%        5
 Permafrost Eruption      Ice/Erth       1%         2x4d2     100%        6
 Plasma Beam              Fire/Air       2%         2x1d12    100%        6
 Orb of Destruction       Conj           3%         9d5       100%        7
 Borgnjor's Revivificati  Necr           1%         N/A       100%        8
 Disjunction              Tloc           6%         N/A       100%        8
 Lehudib's Crystal Spear  Conj/Erth      2%         10d2      100%        8
 Tukima's Dance           Hex            Unusable   N/A       N/A         3
 Summon Ice Beast         Ice/Summ       Unusable   N/A       N/A         3
 Animate Dead             Necr           Unusable   N/A       N/A         4
 Martyr's Knell           Necr/Summ      Unusable   N/A       N/A         4
 Summon Blazeheart Golem  Fire/Summ      Unusable   N/A       N/A         4
 Sculpt Simulacrum        Ice/Alch       Unusable   N/A       N/A         6
 Death Channel            Necr           Unusable   N/A       N/A         6
 Summon Cactus Giant      Summ           Unusable   N/A       N/A         6
 Spellforged Servitor     Conj/Summ      Unusable   N/A       N/A         7

Dungeon Overview and Level Annotations

Branches:
Dungeon (15/15)            Temple (1/1) D:4            Lair (5/5) D:11
 Shoals (0/4) Lair:3        Snake (2/4) Lair:3        Slime (0/5) Lair:5
    Orc (2/2) D:10            Elf (1/3) Orc:2        Vaults (0/5) D:13
 Depths (0/4) D:15          Sewer (visited)          Bailey (visited)
Volcano (visited)         Gauntlet (visited)

Altars:
Ashenzari
Cheibriados
Dithmenos
Elyvilon
Fedhas
Gozag
Hepliaklqana
Kikubaaqudgha
Makhleb
Nemelex Xobeh
Okawaru
Qazlal
Ru
Sif Muna
Trog
Uskayaw
Vehumet
Wu Jian
Xom
Yredelemnul
Zin
The Shining One

Shops:
D:4 ?   D:11 =   Orc:2 !*:[

Portals:
Pandemonium: Orc:2

Annotations:
Lair:4 3 runed translucent doors, Munuj's ghost, journeyman MDFi


Innate Abilities, Weirdness & Mutations

You can wield a second weapon in your off-hand.
It takes a long time for you to wield or remove held weapons.
Your first few attacks do less damage.
You cannot equip rings or amulets.
Your body sometimes deteriorates upon taking damage.
You occasionally lose the ability to read scrolls when taking damage.


Message History

You shoot a slug.
The slug closely misses the naga sharpshooter.
You feel extremely sick.
The black mamba bites you but does no damage.
The naga sharpshooter shoots an arrow.
The arrow hits you.
* * * LOW HITPOINT WARNING * * *
The black mamba bites you!
* * * LOW HITPOINT WARNING * * *
You are more poisoned.
The black mamba poisons you!
You shoot a slug. The slug hits the black mamba!
You kill the black mamba!
Okawaru accepts your kill.
You shoot a sling bullet.
You feel extremely sick.
The naga sharpshooter shoots an arrow.
The arrow hits you!
* * * LOW HITPOINT WARNING * * *
Your system rejects the healing.
You feel better.
The naga sharpshooter unwields a +0 longbow.
The naga sharpshooter wields a +0 short sword.
The naga sharpshooter hits you with a +0 short sword.
* * * LOW HITPOINT WARNING * * *
The naga sharpshooter grabs you. The naga sharpshooter constricts you.
* * * LOW HITPOINT WARNING * * *
Okay, then.
The naga sharpshooter's grasp on you weakens, but your attempt to escape fails.
The naga sharpshooter spits poison at you.
The splash of poison hits you but does no damage.
You are poisoned.
You resist. The naga sharpshooter constricts you.
The naga sharpshooter's grasp on you weakens, but your attempt to escape fails.
You feel very sick.
The naga sharpshooter unwields a +0 short sword.
The naga sharpshooter wields a +0 longbow.
The naga sharpshooter casts a spell.
The naga sharpshooter magically shoots an arrow.
The arrow hits you.
* * * LOW HITPOINT WARNING * * *
The naga sharpshooter constricts you!
You die...

#(### #..).## ##).#
##...## #...#
#...## #...# #...#
#<..# #...#
###♣♣♣♣♣ ##..#
##.## #.~~~♣~P
#...# ##..#
###♣♣♣~~~~~~~ #.#.#
#.○.###~~~~~~~≈~~P~
##..#
#.@..#~~P~~~≈≈~~~~P
#...#
#N>..♣~~~~~~≈~~~~~~
#...#
##..##♣~~~~~~~~~♣~.
##### #...#
#♣♣♣~P.~.~~.. ##..#
#........). ###
#...#####........~.
###.#
#....#.......~..~~~
#...#
##...#.####P~~~~~~~
#..## ##....##
##~~~~P♣~


You could see a naga sharpshooter (catching breath).

Vanquished Creatures
  Jorgrun (Orc:1)
  An azure jelly (Lair:5)
  Donald (Orc:2)
  2 orc warlords
  A very ugly thing (D:15)
  Nessos (D:15)
  A minotaur (Gauntlet)
  Josephine (Orc:2)
  A vault guard (D:13)
  15 hydras
  An ogre mage (D:15)
  A catoblepas (Lair:5)
  An anaconda (Snake:1)
  An alligator (shapeshifter) (D:15)
  7 dancing weapons
  8 centaur warriors
  3 demonspawn (Orc:2)
  An alligator (Lair:1)
  A tengu warrior (D:14)
  2 boulder beetles
  5 two-headed ogres
  A deep troll shaman (Lair:5)
  11 death yaks
  6 orc high priests (Orc:2)
  A shock serpent (Snake:1)
  3 occultists (D:13)
  A naga sharpshooter (Snake:1)
  A skyshark (Lair:2)
  7 skeletal warriors
  2 sun demons (Orc:2)
  4 mana vipers
  2 spriggan druids (Elf:1)
  A deep elf archer (Elf:1)
  4 arcanists
  2 sea snakes (Snake:1)
  2 glowing orange brains
  A lindwurm (Lair:5)
  5 orc knights
  14 ugly things
  5 deep elf pyromancers
  8 orc sorcerers (Orc:2)
  An oklob plant (Lair:2)
  12 deep elf zephyrmancers
  6 cyclopes
  2 manticores
  A shining eye (shapeshifter) (Elf:1)
  A moth of wrath (shapeshifter) (Elf:1)
  9 salamanders
  6 meliai
  Maurice (D:11)
  19 elephants
  3 kobold blastminers
  4 molten gargoyles (Volcano)
  12 black mambas
  3 centaur zombies (D:10)
  3 naga magi (Snake:1)
  A guardian serpent (Snake:1)
  2 torpor snails
  3 gargoyles
  An orange demon (Orc:2)
  3 unseen horror zombies (D:10)
  6 rime drakes
  12 cane toads
  Psyche (D:12)
  11 komodo dragons
  3 tengu conjurers
  3 efreet
  A troll (shapeshifter) (Elf:1)
  3 trolls
  2 hornets
  6 polar bears
  A wind drake (Lair:2)
  15 blink frogs
  A raiju (Orc:2)
  18 dream sheep
  A raiju (shapeshifter) (Elf:1)
  14 slime creatures
  4 shadows
  7 vampires
  A spriggan (shapeshifter) (D:14)
  An air elemental (Elf:1)
  Eustachio (D:6)
  A ynoxinul (Orc:2)
  2 fire elementals (Gauntlet)
  10 wraiths
  5 wyverns
  2 water elementals (D:14)
  3 basilisks
  A golden eye (D:8)
  2 fire bats
  44 yaks
  11 vampire mosquitoes
  8 wargs
  2 acid dragons
  20 water moccasins
  3 hell hounds
  10 nagas
  43 orc warriors
  A sky beast (shapeshifter) (Elf:1)
  A sky beast (D:7)
  Pargi (Sewer)
  5 black bears
  3 ice beasts
  6 ogres
  A phantom (D:4)
  14 wolves
  27 centaurs
  6 kobold brigands
  15 bullfrogs
  5 scorpions
  2 earth elementals (Elf:1)
  14 killer bees
  7 electric eels
  7 howler monkeys
  A lava snake (D:15)
  11 hounds
  3 bombardier beetles
  2 gnoll boudas
  6 jellies
  23 orc priests
  Jessica (D:3)
  Crazy Yiuf (D:4)
  5 iguanas
  23 orc wizards
  2 hell rats (Lair:1)
  A howler monkey zombie (D:10)
  Robin (D:2)
  10 gnolls
  A river rat (D:6)
  8 adders
  2 shadow imps
  A white imp (D:5)
  2 ufetubi (D:6)
  A ribbon worm (D:4)
  The ghost of XomNomNom the Sneak, a weakling TrDe (D:5)
  A dart slug (D:2)
  84 orcs
  6 bats
  10 endoplasms
  3 giant cockroaches
  25 goblins
  22 hobgoblins
  15 jackals
  39 kobolds
  5 quokkas
  5 ball pythons
  3 frilled lizards
  7 rats
955 creatures vanquished.

Vanquished Creatures (others)
  An iguana (D:5)
1 creature vanquished.

Grand Total: 956 creatures vanquished

Notes
Turn   | Place    | Note
-------+----------+-------------------------------------------
     0 | D:1      | hikkokomori the Coglin Hunter began the quest for the Orb.
     0 | D:1      | Reached XP level 1. HP: 16/16 MP: 1/1
   266 | D:1      | Reached XP level 2. HP: 23/23 MP: 2/2
   400 | D:1      | Reached XP level 3. HP: 28/28 MP: 3/3
   404 | D:1      | Found a faded altar of an unknown god.
   837 | D:2      | Noticed Robin
   852 | D:2      | Reached XP level 4. HP: 18/35 MP: 4/4
   854 | D:2      | Killed Robin
  1819 | D:3      | Noticed Jessica
  1822 | D:3      | Killed Jessica
  1823 | D:3      | Reached XP level 5. HP: 42/42 MP: 5/5
  2193 | D:4      | Noticed an ogre
  2201 | D:4      | Killed an ogre
  2202 | D:4      | Reached skill level 5 in Ranged Weapons
  2306 | D:4      | Reached XP level 6. HP: 29/49 MP: 6/6
  2407 | D:4      | Reached skill level 1 in Evocations
  2466 | D:4      | Reached skill level 2 in Evocations
  2573 | D:4      | Found Egyt's Magic Scroll Shop.
  2581 | D:4      | Bought a scroll of blinking for 105 gold pieces
  2672 | D:4      | Found a staircase to the Ecumenical Temple.
  2723 | Temple   | Entered the Ecumenical Temple
  2776 | D:5      | Entered Level 5 of the Dungeon
  2834 | D:4      | Reached skill level 5 in Fighting
  2997 | D:4      | Reached XP level 7. HP: 56/56 MP: 7/7
  3031 | D:4      | Reached skill level 3 in Evocations
  3523 | D:4      | Found a runed translucent door.
  3524 | D:4      | Noticed Crazy Yiuf
  3534 | D:4      | HP: 1/56 [Crazy Yiuf/+3 quarterstaff of chaos (11)]
  3535 | D:4      | Killed Crazy Yiuf
  3811 | D:4      | Reached skill level 4 in Evocations
  3961 | D:4      | Gained mutation: You occasionally lose the ability to read
                  | scrolls when taking damage. [potion of mutation]
  3961 | D:4      | Lost mutation: You occasionally lose the ability to read
                  | scrolls when taking damage. [potion of mutation]
  4298 | D:5      | Reached XP level 8. HP: 53/64 MP: 8/8
  4346 | D:5      | Reached skill level 5 in Evocations
  4703 | D:5      | Reached skill level 6 in Evocations
  5097 | D:5      | Identified the +1 short sword of Courage {vamp, rPois Int+2
                  | Dex+2}
  5306 | D:5      | Found a glowing golden altar of the Shining One.
  5352 | D:5      | Found an iron altar of Okawaru.
  5382 | D:5      | Became a worshipper of Warmaster Okawaru
  5424 | D:5      | Found a large runed translucent door.
  5424 | D:5      | Found a large runed translucent door.
  5426 | D:5      | Noticed XomNomNom's ghost (weakling TrDe)
  5576 | D:5      | Killed XomNomNom's ghost
  5678 | D:6      | Reached skill level 7 in Evocations
  5678 | D:6      | Reached XP level 9. HP: 34/72 MP: 9/9
  6076 | D:6      | Found a glowing drain.
  6080 | Sewer    | Entered a sewer
  6116 | Sewer    | Noticed Pargi
  6123 | Sewer    | Killed Pargi
  6362 | D:6      | Noticed Eustachio
  6365 | D:6      | Reached skill level 8 in Evocations
  6372 | D:6      | Killed Eustachio
  6372 | D:6      | Reached * piety under Okawaru
  6429 | D:6      | Identified the +1 dagger "Neanute" {vamp, rN+}
  6620 | D:6      | Found an opulent altar of Gozag.
  7015 | D:7      | Noticed a hornet
  7017 | D:7      | a hornet changed into a fire bat
  7020 | D:7      | Reached skill level 1 in Invocations
  7255 | D:7      | Found a white marble altar of Elyvilon.
  7470 | D:7      | Reached skill level 9 in Evocations
  7547 | D:8      | Found an ornate altar of the Wu Jian Council.
  7672 | D:8      | Noticed a hornet
  7675 | D:8      | a hornet changed into a golden eye
  7677 | D:8      | Reached ** piety under Okawaru
  7678 | D:8      | Reached XP level 10. HP: 82/82 MP: 11/11
  7690 | D:8      | Found a flagged portal.
  7894 | Bailey   | Entered a bailey
  8226 | Bailey   | Noticed an orc warlord
  8241 | Bailey   | Killed an orc warlord
  8241 | Bailey   | Reached *** piety under Okawaru
  8242 | Bailey   | Reached skill level 10 in Evocations
  8969 | D:8      | Reached XP level 11. HP: 89/89 MP: 11/14
  8969 | D:8      | Reached **** piety under Okawaru
  9061 | D:8      | Reached skill level 11 in Evocations
  9341 | D:8      | Reached ***** piety under Okawaru
  9484 | D:8      | Found a faded altar of an unknown god.
  9484 | D:8      | Found a radiant altar of Vehumet.
  9493 | D:8      | Found a faded altar of an unknown god.
  9495 | D:8      | Found a shimmering blue altar of Sif Muna.
  9497 | D:8      | Found a burning altar of Makhleb.
  9933 | D:8      | Reached skill level 10 in Fighting
  9933 | D:8      | Reached skill level 10 in Ranged Weapons
  9933 | D:8      | Reached skill level 5 in Dodging
  9933 | D:8      | Reached skill level 5 in Invocations
  9933 | D:8      | Reached skill level 12 in Evocations
  9933 | D:8      | Reached XP level 12. HP: 34/99 MP: 13/16
 10133 | D:8      | Learned a level 3 spell: Mephitic Cloud
 10133 | D:8      | Reached skill level 13 in Evocations
 10133 | D:8      | Reached XP level 13. HP: 104/104 MP: 17/17
 10134 | D:8      | Reached skill level 5 in Alchemy
 10134 | D:8      | Reached XP level 14. HP: 113/113 MP: 18/18
 10137 | D:8      | Acquired a geosubsystem NW-00 {RevParry, rElec rPois rCorr}
 10520 | D:9      | Found a stormy altar of Qazlal.
 10605 | D:10     | Entered Level 10 of the Dungeon
 10666 | D:10     | Identified the +1 robe of the Lich-sworn {rPois Archmagi}
 11120 | D:10     | Received a gift from Okawaru
 12009 | D:10     | Found a staircase to the Orcish Mines.
 12027 | Orc:1    | Entered Level 1 of the Orcish Mines
 12215 | D:11     | Found a staircase to the Lair.
 12362 | D:11     | Noticed Maurice
 12370 | D:11     | Killed Maurice
 12621 | D:11     | Reached skill level 1 in Stealth
 12817 | D:11     | Found Gaidghad's Jewellery Shoppe.
 13398 | Lair:1   | Entered Level 1 of the Lair of Beasts
 13543 | Lair:1   | Reached skill level 1 in Armour
 14369 | Lair:1   | Reached XP level 15. HP: 65/120 MP: 20/20
 15340 | Lair:2   | Reached skill level 14 in Evocations
 15811 | Lair:1   | Received a gift from Okawaru
 16776 | Lair:2   | Found the +1 robe of Vines {NoPotionHeal Regen++++}
 16806 | Lair:2   | Identified the +8 plate armour of Dice, Bag, and Bottle
                  | {rC- Str+6 Dex+4}
 16851 | Lair:2   | Learned a level 2 spell: Blink
 17498 | Lair:3   | Found a dark tunnel.
 17529 | Volcano  | Entered a volcano
 17619 | Volcano  | Received a gift from Okawaru
 17755 | Volcano  | Noticed an orb of fire
 17772 | Volcano  | Noticed an orb of fire
 18194 | Lair:3   | Found a staircase to the Snake Pit.
 18206 | Lair:3   | Found a staircase to the Shoals.
 18462 | Lair:4   | Found a gate leading to a gauntlet.
 18649 | Gauntlet | Entered a Gauntlet
 18649 | Gauntlet | Found a transporter.
 18649 | Gauntlet | Found a transporter.
 18649 | Gauntlet | Found a transporter.
 18653 | Gauntlet | Found a transporter.
 18653 | Gauntlet | Found a transporter.
 18665 | Gauntlet | Found a transporter.
 18730 | Gauntlet | Found a transporter.
 18740 | Gauntlet | Found a transporter.
 18755 | Gauntlet | Found a transporter.
 18765 | Gauntlet | Found a transporter.
 18780 | Gauntlet | Found a transporter.
 18786 | Gauntlet | Found a transporter.
 18954 | Gauntlet | Identified the +1 hat "Gifyog" {+Inv Fly rPois}
 18978 | Gauntlet | Identified the +2 war axe "Trog's Hatred" {flame, Dex+6
                  | SInv}
 19026 | Lair:4   | Noticed Munuj's ghost (journeyman MDFi)
 19031 | Lair:4   | Found a runed translucent gate.
 19031 | Lair:4   | Found a runed translucent gate.
 19031 | Lair:4   | Found a runed translucent gate.
 19122 | Lair:4   | Reached skill level 5 in Spellcasting
 19126 | Lair:4   | Reached skill level 1 in Translocations
 19130 | Lair:4   | Reached XP level 16. HP: 128/129 MP: 23/23
 19526 | Lair:5   | Entered Level 5 of the Lair of Beasts
 19728 | Lair:4   | Received a gift from Okawaru
 19890 | Lair:5   | Reached skill level 10 in Dodging
 20172 | Lair:5   | Reached skill level 15 in Evocations
 20293 | Lair:5   | Received a gift from Okawaru
 20294 | Lair:5   | Noticed an azure jelly
 20304 | Lair:5   | Killed an azure jelly
 20572 | Lair:5   | Found a staircase to the Slime Pits.
 20998 | Lair:5   | Got the Incunable of the Cucurbite
 21004 | Lair:5   | Learned a level 4 spell: Olgreb's Toxic Radiance
 21078 | Lair:5   | Got The Lost Secrets of Willworking
 21577 | Orc:1    | Noticed Jorgrun
 21589 | Orc:1    | Killed Jorgrun
 21839 | Orc:2    | Entered Level 2 of the Orcish Mines
 22237 | Orc:2    | Found a shimmering altar of Xom.
 22415 | Orc:2    | Found Roc Rups's General Store.
 22422 | Orc:2    | Found Him Wipt's Distillery.
 22458 | Orc:2    | Bought a potion of might for 56 gold pieces
 22559 | Orc:2    | Reached XP level 17. HP: 134/135 MP: 24/24
 22569 | Orc:2    | Noticed Josephine
 22579 | Orc:2    | Killed Josephine
 22581 | Orc:2    | Received a gift from Okawaru
 22668 | Orc:2    | Reached skill level 10 in Alchemy
 22728 | Orc:2    | Noticed Donald
 22732 | Orc:2    | Gained mutation: You occasionally lose the ability to read
                  | scrolls when taking damage. [a neqoxec]
 22752 | Orc:2    | Killed Donald
 23117 | Orc:2    | Paralysed by an orc sorcerer for 4 turns
 23174 | Orc:2    | Found Ezxulyri's Book Boutique.
 23174 | Orc:2    | Found Luleta's Antique Armour Shop.
 23175 | Orc:2    | Found a one-way gate leading to the halls of Pandemonium.
 23186 | Orc:2    | Learned a level 4 spell: Dimensional Bullseye
 23255 | Orc:2    | Found a staircase to the Elven Halls.
 23438 | Elf:1    | Entered Level 1 of the Elven Halls
 23517 | Elf:1    | Reached ****** piety under Okawaru
 23518 | Elf:1    | Acquired a +4 hand cannon of electrocution
 23518 | Elf:1    | Received a gift from Okawaru
 23520 | Elf:1    | Acquired the +2 cloak of Skepticism {Will++ Stlth+}
 23520 | Elf:1    | Received a gift from Okawaru
 23627 | Elf:1    | Paralysed by an air elemental for 1 turns
 23657 | Elf:1    | Reached skill level 1 in Hexes
 23807 | Elf:1    | Received a gift from Okawaru
 23815 | Elf:1    | Gained mutation: Your body sometimes deteriorates upon
                  | taking damage. [a shining eye]
 24566 | D:12     | Noticed Psyche
 24570 | D:12     | Killed Psyche
 24906 | D:13     | Found a gate to the Vaults.
 25209 | D:13     | Reached skill level 5 in Stealth
 25258 | D:13     | Received a gift from Okawaru
 25284 | D:13     | Identified the +1 ring mail of Haaled {Regen+ Int+3}
 25894 | D:13     | Identified the +1 pair of boots of Servitude {rPois rF-
                  | Dex+4}
 26130 | D:14     | Received a gift from Okawaru
 26232 | D:14     | Reached XP level 18. HP: 146/146 MP: 27/27
 26368 | D:14     | Reached skill level 5 in Translocations
 26706 | D:15     | Entered Level 15 of the Dungeon
 26850 | D:15     | Found a burning altar of Makhleb.
 26877 | D:15     | Noticed Nessos
 26885 | D:15     | Killed Nessos
 27018 | D:15     | Identified a scroll of acquirement
 27019 | D:15     | Acquired 817 gold pieces
 27397 | D:15     | Found a staircase to the Depths.
 27626 | Snake:1  | Entered Level 1 of the Snake Pit
 27641 | Snake:1  | Received a gift from Okawaru
 27747 | Snake:1  | Found a shimmering blue altar of Sif Muna.
 28191 | Snake:1  | HP: 7/146 [constriction (6)]
 28193 | Snake:1  | Constricted to death by a naga sharpshooter

Illustrated notes

Levels and vault maps discovered:
D:1:      beargit_arrival_diablo_church, layout_basic,
          dreamdust_ecumenical_altar_statues
D:2:      layout_basic, uniq_robin
D:3:      layout_basic, minmay_misc_feat_iff, uniq_jessica
D:4:      layout_basic, minmay_temple_entry_arrows, serial_shops, shop,
          uniq_crazy_yiuf_cottage
D:5:      minmay_bubble_buster, layout_basic, tso_altar,
          overflow_temple_1_default, ebering_ghost_disaster_area, st_stairs_2
D:6:      layout_basic, mainiacjoe_overflow_24_doors, gup_sewer_entry_spiral,
          serial_park_tiny_pond, uniq_eustachio
D:7:      layout_basic, elyvilon_altar_1
D:8:      minmay_octagon_keep, layout_rooms, nzn_wu_jian_council_hall,
          chequers_temple_overflow_minitemple, enter_bailey_2,
          serial_park_tiny_2
D:9:      layout_gridville, nicolae_qazlal_style_of_elements,
          minmay_tree_intersection
D:10:     layout_rooms, erik_orc_2, serial_undead, serial_undead_f,
          serial_undead_b, serial_undead_d, serial_undead_c, serial_undead_a,
          serial_undead_f, serial_undead_e, nicolae_two_hexagons
D:11:     layout_irregular_city, lair_entry_dummy, serial_shops,
          kennysheep_mini, uniq_maurice
D:12:     layout_rooms, nicolae_concentric_dashed_squares_wild,
          chequers_serial_rivers_micro_c, uniq_psyche
D:13:     minmay_tri_stars, layout_cave_pools, erik_vaults_1,
          serial_co_window_serial, co_window_of_opportunity_a,
          co_window_paths_a, co_window_corner_a, co_window_paths_b,
          co_window_of_opportunity_a, co_window_broadway_b,
          co_window_of_opportunity_b, co_window_unsneaky_path_e,
          co_window_paths_c, glass_columns_a, glass_columns_a,
          lemuel_flamethrower_3
D:14:     layout_roguey, chequers_big_river
D:15:     gammafunk_enter_depths_forms, layout_basic, lemuel_crystal_altar,
          kennysheep_crisscross, uniq_nessos
Temple:   cyrus_circular_temple
Lair:1:   layout_layer_cave, serial_bayou_pond_e, nicolae_lair_lakeside_cave,
          serial_bayou_shore_a, serial_bayou_shore_b
Lair:2:   layout_misc_corridors, hellmonk_guarded_unrand_vines
Lair:3:   layout_cave_shapes, elwin_shoals_entry_rocks,
          minmay_snake_entry_guardpost_small, enter_volcano_2,
          nicolae_quartered_pool_impasse, grunt_megastairs_4
Lair:4:   layout_roguey, gammafunk_ghost_split, gauntlet_entry_generic,
          lemuel_fruit_tree, lemuel_fruit_fields
Lair:5:   grunt_lair_end_beastmaster, layout_big_grid,
          dpeg_slime_entry_enclosed, nicolae_lair_time_for_slime,
          infiniplex_staircase_pool, grunt_megastairs_1
Snake:1:  layout_concentric_octagons, basic_altar, serial_bayou_ford_a
Snake:2:  layout_honeycomb, serial_shops, nicolae_shop_overgrown_old_shop
Orc:1:    layout_caves, regret_index_minedec_devilstone,
          nicolae_orc_stalacmites, nicolae_orc_sculptors_studio, uniq_jorgrun
Orc:2:    pf_orc_diabolical, layout_diamond_mine, regret_index_xom_of_box,
          uniq_donald, uniq_josephine
Elf:1:    minmay_elf_arrival_circle, layout_geoelf_grid,
          kilobyte_rumbling_trees, grunt_megastairs_5

Skill      XL: |  1  2  3  4  5  6  7  8  9 10 11 12 13 14 15 16 17 18 |
---------------+-------------------------------------------------------+-----
Ranged Weapons | 4 5 6 7 8 9 10 11 12 13 | 13.5
Fighting       | 3 4 5 7 8 9 10 11 12 13 14 | 14.2
Evocations     | 2 4 7 9 10 12 13 14 15 | 15.6
Invocations    | 2 4 5 6 7 |  7.0
Dodging        | 2 5 6 7 9 10 11 | 11.7
Conjurations   | 3 |  3.0
Air Magic      | 3 |  3.0
Alchemy        | 3 5 9 11 | 11.2
Spellcasting   | 3 5 6 |  6.2
Stealth        | 2 4 5 6 |  6.5
Armour         | 2 4 |  4.3
Translocations | 1 3 4 6 |  6.3
Hexes          | 3 4 |  4.8

Action                     |  1- 3 |  4- 6 |  7- 9 | 10-12 | 13-15 | 16-18 || total
---------------------------+-------+-------+-------+-------+-------+-------++-------
  Melee: Sling             |       |       |    12 |    16 |       |       ||    28
   Fire: Sling             |   120 |   260 |   892 |   652 |  2218 |  2474 ||  6616
         Hand cannon       |       |       |       |       |       |   526 ||   526
   Cast: Olgreb's Toxic Ra |       |       |       |       |       |     3 ||     3
         Mephitic Cloud    |       |       |       |       |       |     6 ||     6
 Invoke: Heroism           |       |       |       |     5 |    14 |    11 ||    30
         Finesse           |       |       |       |       |     2 |       ||     2
         Receive Weapon    |       |       |       |       |       |     1 ||     1
         Receive Armour    |       |       |       |       |       |     1 ||     1
Ability: Invent Gizmo      |       |       |       |       |     1 |       ||     1
         Evoke Invisibilit |       |       |       |       |     1 |       ||     1
  Evoke: Wand              |       |       |     6 |    10 |    27 |    12 ||    55
    Use: Potion            |       |       |     2 |     5 |     1 |     3 ||    11
         Scroll            |       |       |    15 |       |    18 |    10 ||    43
 Armour: Leather armour    |    18 |    19 |   223 |   153 |   344 |       ||   757
         Robe              |       |       |       |       |    98 |   454 ||   552
  Dodge: Dodged            |    17 |    18 |   129 |   173 |   508 |   694 ||  1539

Table legend: (Time is in decaauts)
 A = Elapsed time spent in this place.
 B = Non-inter-level travel time spent in this place.
 C = Inter-level travel time spent in this place.
 D = Time resting spent in this place.
 E = Time spent auto-exploring this place.
 F = Levels seen in this place.
 G = Mean time per level.
                   A        B        C        D        E       F      G
               +--------+--------+--------+--------+--------+-----+--------+
         Total |  27999 |  26629 |   1370 |   2370 |  18056 |  30 |  933.3 |
       Dungeon |  15994 |  15203 |    791 |   1684 |  10643 |  15 | 1066.3 |
        Temple |     23 |     11 |     12 |      0 |      0 |   1 |   23.0 |
          Lair |   6918 |   6614 |    304 |    678 |   4176 |   5 | 1383.6 |
     Snake Pit |    564 |    541 |     23 |      0 |    411 |   2 |  282.0 |
  Orcish Mines |   2038 |   1855 |    183 |      8 |   1348 |   2 | 1019.0 |
   Elven Halls |    930 |    875 |     55 |      0 |    708 |   1 |  930.0 |
         Sewer |    131 |    131 |      0 |      0 |     90 |   1 |  131.0 |
        Bailey |    562 |    562 |      0 |      0 |    304 |   1 |  562.0 |
       Volcano |    488 |    488 |      0 |      0 |    203 |   1 |  488.0 |
      Gauntlet |    346 |    346 |      0 |      0 |    172 |   1 |  346.0 |
               +--------+--------+--------+--------+--------+-----+--------+

Top non-repeatable levels by time:
  Lair:1: 3142 daAuts
     D:4: 2127 daAuts
    D:10: 1604 daAuts
     D:5: 1374 daAuts
  Lair:5: 1322 daAuts
     D:6: 1305 daAuts
     D:9: 1292 daAuts
   Orc:2: 1288 daAuts
     D:8: 1202 daAuts
    D:11: 1150 daAuts
    D:13: 1064 daAuts
     D:2: 951 daAuts
  Lair:4: 934 daAuts
   Elf:1: 930 daAuts
  Lair:2: 797 daAuts
